 Dungeon Crawl Stone Soup version 0.18-a0-1745-gffa9a88 (webtiles) character file.

11 andalon the Caller (level 2, 0/19 HPs)
             Began as a Vampire Summoner on Apr 11, 2016.
             Slain by a jackal (1 damage)
             ... on level 1 of the Dungeon.
             The game lasted 00:05:21 (677 turns).

andalon the Caller (Vampire Summoner)                Turns: 677, Time: 00:05:22

Health: 0/19       AC:  2    Str:  7    XL:     2   Next: 17%
Magic:  1/5        EV: 12    Int: 17    God:
Gold:   35         SH:  0    Dex: 14    Spells: 2 memorised, 2 levels left

rFire  . . .     SeeInvis +     f - +0 dagger
rCold  . . .     Gourm    .     e - +0 robe
rNeg   + . .     Faith    .     (no shield)
rPois  .         Spirit   .     (no helmet)
rElec  .         Dismiss  .     (no cloak)
rCorr  .         Reflect  .     (no gloves)
SustAt .         Harm     .     (no boots)
MR     .....                    (no amulet)
Stlth  ++........               (no ring)
                                (no ring)

@: not resistant to hostile enchantments, unstealthy
A: fangs 3, see invisible, unbreathing
a: no special abilities


You were on level 1 of the Dungeon.
You were not thirsty.

You visited 1 branch of the dungeon, and saw 1 of its levels.

You collected 35 gold pieces.

Inventory:

Hand Weapons
 d - a +0 club
 f - a +0 dagger (weapon)
 j - a +0 short sword
Missiles
 g - 24 stones (quivered)
 i - 3 curare-tipped needles
 k - 12 poisoned bolts
Armour
 a - a +0 robe
 e - a +0 robe (worn)
Scrolls
 h - a scroll of remove curse {unknown}
Potions
 c - 8 potions of blood
Books
 b - a book of Callings

   Spells                             Type                      Level
   a - Summon Small Mammal            Summoning                    1
   b - Call Imp                       Summoning                    2
   c - Call Canine Familiar           Summoning                    3
   d - Summon Guardian Golem          Hexes/Summoning              3
   e - Summon Lightning Spire         Summoning/Air                4
   f - Summon Ice Beast               Ice/Summoning                4


   Skills:
 + Level 2.2 Dodging
 + Level 3.1 Stealth
 + Level 2.1 Spellcasting
 + Level 4.3 Summonings


You had 2 spell levels left.
You knew the following spells:

 Your Spells              Type           Power        Failure   Level  Hunger
a - Summon Small Mammal   Summ           ###.         3%          1    #......
b - Call Imp              Summ           ###.....     6%          2    ###....


Dungeon Overview and Level Annotations

Branches:
Dungeon (1/15)

Altars:


Innate Abilities, Weirdness & Mutations

You have razor-sharp teeth.
You have supernaturally acute eyesight.
You can survive without breathing.


Message History

The jackal is almost dead.
Your bat hits the jackal but does no damage. x2
The jackal misses you. The jackal closely misses you.
The kobold hits you but does no damage. The jackal closely misses you.
The jackal bites you.
You barely miss the jackal.
The jackal is almost dead.
Your bat barely misses the jackal.
The kobold closely misses you.
Your crimson imp barely misses the jackal.
The jackal bites you. x2
* * * LOW HITPOINT WARNING * * *
Casting: Summon Small Mammal
Confirm with . or Enter, or press ? or * to list all spells.
Your bat closely misses the jackal.
The kobold hits you.
* * * LOW HITPOINT WARNING * * *
The jackal bites you but does no damage.
Your crimson imp gestures.
Your crimson imp blinks!
The jackal bites you.
You die...

#......5# ##.......#
#......[.# #........#
#..♣P.b..########
#..P♣§..........#####
#.Khh.............†.
#..@.r.>............
#....#.###.###.#####
######.# #.# #.# #.#
#.# #.. #.# #.# #...
#.# #.# #... #.# #.#
#.... #.# #.# ...


You could see 2 jackals, a kobold, a friendly crimson imp, a friendly quokka and
a friendly bat.

Vanquished Creatures
  A dart slug (D:1)
  A giant cockroach (D:1)
  A goblin (D:1)
  A hobgoblin (D:1)
  A kobold (D:1)
  2 rats (D:1)
7 creatures vanquished.

Vanquished Creatures (collateral kills)
  A goblin (D:1)
  2 kobolds (D:1)
  3 rats (D:1)
6 creatures vanquished.

Grand Total: 13 creatures vanquished

Notes
Turn   | Place    | Note
--------------------------------------------------------------
     0 | D:1      | andalon the Vampire Summoner began the quest for the Orb.
     0 | D:1      | Reached XP level 1. HP: 13/13 MP: 3/3
   463 | D:1      | Reached XP level 2. HP: 12/19 MP: 3/5
   600 | D:1      | Learned a level 2 spell: Call Imp
   677 | D:1      | Slain by a jackal

Vault maps used:
D:1:      dpeg_arrival_boxorama, serial_park_tiny_1

Action                   || total
-------------------------++-------
Melee: Unarmed           ||    13
       Dagger            ||    30
Throw: Stone             ||     1
 Cast: Summon Small Mamm ||    15
       Call Imp          ||     1
 Stab: Distracted        ||     1
       Sleeping          ||     1
